 Dungeon Crawl Stone Soup version 0.23.2 (webtiles) character file.

Game seed: 7346817899534405679

1528 Borgoz the Cutter (level 8, -8/49 HPs)
             Began as a Gargoyle Gladiator on Apr 13, 2019.
             Was an Initiate of Ashenzari.
             Killed by divine providence
             ... invoked by an orc priest
              (10 damage)
             ... on level 7 of the Dungeon.
             The game lasted 00:08:44 (6012 turns).

Borgoz the Cutter (Gargoyle Gladiator)              Turns: 6012, Time: 00:08:45

Health: -8/49      AC: 12    Str: 17    XL:     8   Next: 85%
Magic:  8/8        EV: 14    Int: 10    God:    Ashenzari [......]
Gold:   338        SH:  0    Dex: 13    Spells: 7/7 levels left

rFire    + . .     SeeInvis .   a - +0 rapier (drain)
rCold    . . .     Gourm    +   (no shield)
rNeg     + . .     Faith    .   E - +2 leather armour {rF+}
rPois    ∞         Spirit   .   c - +0 helmet
rElec    +         Reflect  .   (no cloak)
rCorr    .         Harm     .   (no gloves)
MR       +....                  (no boots)
Stlth    ++........             u - amulet of the gourmand
HPRegen  0.16/turn              o - ring of protection from magic
MPRegen  0.11/turn              x - ring of stealth

@: no status effects
A: negative energy resistance 1, electricity resistance, unbreathing,
petrification resistance, rot immunity, AC +5
a: Curse Item, Renounce Religion


You were on level 7 of the Dungeon.
You worshipped Ashenzari.
Ashenzari was noncommittal.
You were completely stuffed.

You visited 2 branches of the dungeon, and saw 8 of its levels.

You collected 338 gold pieces.

Inventory:

Hand Weapons
 a - a +0 rapier of draining (weapon)
 b - a +0 antimagic short sword
 D - a +0 short sword of speed
Missiles
 d - 3 throwing nets (quivered)
Armour
 c - a +0 helmet (worn)
 E - a +2 leather armour of fire resistance (worn)
Jewellery
 o - a ring of protection from magic (left hand)
 u - an amulet of the gourmand (around neck)
 v - an uncursed amulet of faith
 x - a ring of stealth (right hand)
Wands
 s - a wand of iceblast (10)
 A - a wand of flame (12)
Scrolls
 i - 2 scrolls of amnesia {unknown}
 k - a scroll of fear {unknown}
 l - 3 scrolls of remove curse
 m - a scroll of random uselessness {unknown}
 q - 2 scrolls of enchant armour {unknown}
 y - 2 scrolls of enchant weapon {unknown}
 B - a scroll of immolation {unknown}
Potions
 g - a potion of curing
 h - a potion of cancellation
 j - 2 potions of flight
 n - a potion of ambrosia
 p - 2 potions of brilliance
 t - 3 potions of heal wounds
 w - 2 potions of agility
Comestibles
 f - 10 rations
 C - a chunk of flesh


   Skills:
 + Level 5.2 Fighting
 * Level 6.3 Short Blades
 - Level 1.7 Throwing
 + Level 4.3 Armour
 * Level 5.7 Dodging


You had 7 spell levels left.
You didn't know any spells.
Your spell library contained the following spells:

 Spells                   Type           Power        Failure   Level  Hunger
 Confusing Touch          Hex            #.....       41%         1    ##.....
 Confuse                  Hex            #.......     80%         3    ####...
 Gell's Gravitas          Tloc           #.........   80%         3    ####...
 Petrify                  Tmut/Erth      #.......     99%         4    #####..
 Metabolic Englaciation   Hex/Ice        #.........   100%        5    ######.
 Yara's Violent Unravell  Hex/Tmut       #.........   100%        5    ######.


Dungeon Overview and Level Annotations

Branches:
Dungeon (7/15)             Temple (1/1) D:6

Altars:
Ashenzari
Cheibriados
Dithmenos
Elyvilon
Fedhas
Gozag
Hepliaklqana
Kikubaaqudgha
Makhleb
Okawaru
Qazlal
Ru
Sif Muna
Trog
Uskayaw
Vehumet
Wu Jian
Xom
Yredelemnul
The Shining One
Beogh

Annotations:
D:4 1 transporter


Innate Abilities, Weirdness & Mutations

You are resistant to torment.
Your stone body is resilient. (AC +5)
You are immune to poison.
You resist negative energy. (rN+)
You are resistant to electric shocks. (rElec)
You can survive without breathing.
You are immune to petrification.
You are immune to rotting.


Message History

You closely miss the orc wizard.
The orc wizard is almost dead.
The orc warrior barely misses you.
You hit the orc wizard.
You kill the orc wizard!
The orc warrior hits you from afar with a +0 glaive.
The orc barely misses you. The orc closely misses you.
You hit the orc. You drain the orc.
The orc is almost dead.
The orc misses you. x2
You barely miss the orc.
The orc is almost dead.
The orc warrior hits you from afar with a +0 glaive!
* * * LOW HITPOINT WARNING * * *
The orc priest calls down the wrath of Beogh upon you.
Beogh smites you!
* * * LOW HITPOINT WARNING * * *
The orc priest calls down the wrath of Beogh upon you.
Beogh smites you!
You die...

... .. #'#
###o#########
#####.#.....>....
#.....#.oo.......
#.##....ooo......
#......o.@o.....#
#<..$..#####.....
#......# ###
#.#........
#.#.........
#.......)....
###########.. .


You could see an orc warrior, 2 orc priests and 5 orcs.

Vanquished Creatures
  Eustachio (D:5)
  Duvessa (D:6)
  A sky beast (D:5)
  A centaur (D:6)
  2 phantoms
  Dowan (D:6)
  A bullfrog (D:6)
  A scorpion (D:4)
  A howler monkey (D:7)
  4 crimson imps (D:5)
  A bullfrog skeleton (D:6)
  2 orc priests
  A jelly (D:6)
  2 iguanas (D:4)
  5 orc wizards
  2 worker ants
  A hound zombie (D:6)
  A worker ant zombie (D:6)
  10 gnolls
  5 adders
  An adder zombie (D:6)
  2 worms
  2 dart slugs
  4 leopard geckos
  9 orcs
  5 giant cockroaches
  8 goblins
  4 hobgoblins (D:1)
  7 kobolds
  2 quokkas
  6 bats
  A giant cockroach zombie (D:6)
  3 jackal skeletons
  A jackal zombie (D:5)
  8 rats
107 creatures vanquished.

Notes
Turn   | Place    | Note
-------+----------+-------------------------------------------
     0 | D:1      | Borgoz the Gargoyle Gladiator began the quest for the Orb.
     0 | D:1      | Reached XP level 1. HP: 12/12 MP: 1/1
   102 | D:1      | Reached XP level 2. HP: 18/18 MP: 2/2
   198 | D:1      | Reached skill level 3 in Short Blades
   327 | D:1      | Reached XP level 3. HP: 22/22 MP: 3/3
   762 | D:2      | Reached skill level 1 in Armour
  1002 | D:2      | Reached XP level 4. HP: 24/27 MP: 4/4
  1046 | D:2      | Found a bloodstained altar of Trog.
  1806 | D:3      | Reached XP level 5. HP: 32/32 MP: 5/5
  2132 | D:3      | Reached skill level 4 in Short Blades
  2241 | D:3      | Found an iron altar of Okawaru.
  2241 | D:3      | Found an ancient bone altar of Kikubaaqudgha.
  2374 | D:4      | Found a transporter.
  2437 | D:4      | Found a transporter.
  2458 | D:4      | Reached XP level 6. HP: 32/37 MP: 6/6
  2529 | D:4      | Found a stormy altar of Qazlal.
  2807 | D:4      | Noticed a phantom
  2855 | D:4      | Killed a phantom
  3403 | D:4      | Found a roughly hewn altar of Beogh.
  3414 | D:4      | Reached XP level 7. HP: 25/42 MP: 7/7
  4219 | D:5      | Entered Level 5 of the Dungeon
  4385 | D:5      | Reached skill level 5 in Short Blades
  4446 | D:5      | Found an ornate altar of the Wu Jian Council.
  4894 | D:5      | Reached XP level 8. HP: 46/48 MP: 8/8
  5009 | D:5      | Noticed Eustachio
  5039 | D:5      | Killed Eustachio
  5039 | D:5      | Reached skill level 5 in Dodging
  5293 | D:6      | Found a staircase to the Ecumenical Temple.
  5320 | Temple   | Entered the Ecumenical Temple
  5384 | Temple   | Became a worshipper of Ashenzari the Shackled
  5659 | D:6      | Noticed Duvessa
  5659 | D:6      | Noticed Dowan
  5671 | D:6      | Killed Duvessa
  5671 | D:6      | Reached skill level 5 in Fighting
  5671 | D:6      | Reached skill level 6 in Short Blades
  5685 | D:6      | Killed Dowan
  6012 | D:7      | HP: 2/49 [orc priest/divine providence (12)]
  6012 | D:7      | Killed from afar by an orc priest

Skill      XL: |  1  2  3  4  5  6  7  8 |
---------------+-------------------------+-----
Short Blades   | 3 4 5 6 |  6.3
Armour         | 1 2 3 4 |  4.3
Dodging        | 3 4 5 |  5.7
Fighting       | 3 4 5 |  5.2
Throwing       | |  1.7

Action                   |  1- 3 |  4- 6 |  7- 9 || total
-------------------------+-------+-------+-------++-------
Melee: Rapier            |   102 |   158 |   294 ||   554
Throw: Throwing net      |       |     3 |       ||     3
  Use: Scroll            |       |       |    12 ||    12
 Stab: Held in net/web   |       |     1 |       ||     1
       Sleeping          |       |       |     1 ||     1
  Eat: Chunk             |       |    17 |    11 ||    28
Armor: Leather armour    |    37 |     8 |    14 ||    59
       Ring mail         |       |    50 |   123 ||   173
Dodge: Dodged            |    53 |    97 |   206 ||   356
